 Dungeon Crawl Stone Soup version 0.30.1-11-g7821555f0a (webtiles) character file.

Game seed: 8859521791402243638

20 RancidPinata the Sneak (level 2, -9/21 HPs)
             Began as an Octopode Delver on Dec 23, 2023.
             Mangled by Eustachio
             ... wielding a +0 rapier
              (15 damage)
             ... on level 6 of the Dungeon.
             The game lasted 00:01:58 (293 turns).

RancidPinata the Sneak (Octopode Delver)             Turns: 293, Time: 00:01:59

Health: -9/21      AC:  1    Str: 11    XL:     2   Next: 79%
Magic:  2/2        EV: 13    Int: 12    God:
Gold:   6          SH:  0    Dex: 13    Spells: 1/1 levels left

rFire   . . .        a - +0 short sword
rCold   . . .        (no shield)
rNeg    . . .        (helmet restricted)
rPois   .            (no amulet)
rElec   .            (no ring)
rCorr   .            (no ring)
SInv    .            (no ring)
Will    .....        (no ring)
Stlth   ++++         (no ring)
HPRegen 0.23/turn    (no ring)
MPRegen 0.08/turn    (no ring)
                     (no ring)

%: no passive effects
@: no status effects
A: almost no armour, amphibious, 8 rings, camouflage 1, gelatinous body 1,
(nimble swimmer 1), tentacles
a: no special abilities


You were on level 6 of the Dungeon.
You visited 1 branch of the dungeon, and saw 2 of its levels.

You collected 6 gold pieces.

Inventory:

Hand Weapons
 a - a +0 short sword (weapon)
Missiles
 h - 15 stones (quivered)
Wands
 f - a wand of digging (3)
Scrolls
 b - a scroll of fog
 c - a scroll of magic mapping
 d - a scroll of fear
 i - a scroll of identify {unknown}
Potions
 e - a potion of haste
 g - a potion of degeneration {unknown}


   Skills:
 + Level 3.1 Fighting
 * Level 2.4 Short Blades
 + Level 2.2 Dodging
 * Level 7.0 Stealth


You had one spell level left.
You didn't know any spells.
Your spell library contained the following spells:

 Spells                   Type           Power      Damage    Failure   Level
 Call Canine Familiar     Summ           0%         N/A       69%         3
 Portal Projectile        Hex/Tloc       0%         N/A       69%         3
 Leda's Liquefaction      Hex/Erth       0%         N/A       97%         4


Dungeon Overview and Level Annotations

Branches:
Dungeon (6/15)
 Temple: D:4-7

Altars:
Wu Jian

Annotations:
D:6 2 runed translucent doors, Edmund; Eustachio; tmcgee265's ghost, novice AtFi


Innate Abilities, Weirdness & Mutations

You cannot wear most types of armour.
You are amphibious.
You can wear up to eight rings at the same time.
Your skin changes colour to match your surroundings (Stealth+).
Your rubbery body absorbs attacks. (AC +1, EV +1)
((You are camouflaged when in or above water. (Stealth+)))
You have tentacles for arms and can constrict up to eight enemies at once.


Message History

You hear the brisk rusting of a very distant drain.
Tmcgee265's ghost says, "Destruction is an occupation beyond life."
You see here an adder corpse.
Found 6 stones.
Edmund the Younger comes into view.
He is wielding a +2 flail of holy wrath.
You open the door.
Found a stone staircase leading up.
Eustachio the Magnificent comes into view.
He is wielding a +0 rapier.
Found a scroll labelled SYACED KAXY.
There is an open door here.
A howler monkey comes into view.
The helpless Eustachio fails to defend himself.
You puncture Eustachio! You grab Eustachio.
Eustachio is heavily wounded.
You constrict Eustachio, but do no damage.
Eustachio casts a spell.
You hit Eustachio. You squeeze Eustachio!
Eustachio is severely wounded.
You constrict Eustachio.
Eustachio gestures wildly while chanting.
Eustachio blinks free!
Eustachio mumbles some strange words.
The white imp disappears in a puff of smoke!
You completely miss Eustachio. You grab Eustachio.
Eustachio is almost dead.
You constrict Eustachio, but do no damage.
Eustachio mumbles some strange words.
Eustachio blinks free!
The white imp barely misses you.
Eustachio mumbles some strange words.
The white imp attacks as you move away! The white imp misses you.
The bat closely misses you. The bat barely misses you.
The white imp gestures at you. The puff of frost hits you!
Eustachio drinks a potion.
Eustachio seems to grow stronger.
The quokka bites you.
* * * LOW HITPOINT WARNING * * *
The bat barely misses you. The bat hits you but does no damage.
Eustachio hits you with a +0 rapier!
Ouch! That really hurt!
You die...

#### #+# ##
..h.####.####.#
..............#
.......@......#.#..$~~##
......b@r.....##.≈...#.#
........5.....##~.#$8.~#
.....b.5......#.~~..~.#
....?.<..5§...####++####
........................
##....###'######.......#
##### ##..###.........#
#.........†#.....
#..........#.....


You could see Eustachio (strong), a howler monkey (asleep), a white imp
(summoned), 2 shadow imps, a quokka (summoned) and 2 bats.

Vanquished Creatures
  2 adders (D:6)
  An orc (D:6)
3 creatures vanquished.

Notes
Turn   | Place    | Note
-------+----------+-------------------------------------------
     0 | D:5      | RancidPinata the Octopode Delver began the quest for the
                  | Orb.
     0 | D:5      | Reached XP level 1. HP: 16/16 MP: 1/1
    27 | D:6      | Found an ornate altar of the Wu Jian Council.
    62 | D:6      | Reached XP level 2. HP: 9/21 MP: 2/2
   191 | D:6      | Found a large runed translucent door.
   191 | D:6      | Found a large runed translucent door.
   195 | D:6      | Noticed tmcgee265's ghost (novice AtFi)
   202 | D:6      | Reached skill level 7 in Stealth
   267 | D:6      | Noticed Edmund
   283 | D:6      | Noticed Eustachio
   284 | D:6      | Noticed a howler monkey
   293 | D:6      | Mangled by Eustachio

Illustrated notes

Levels and vault maps discovered:
D:5:      kennysheep_steamy, layout_basic, old_standard_altar,
          grunt_temple_overflow_open
D:6:      layout_gridville, nzn_wu_jian_contemplation,
          nicolae_qazlal_general_emergency, cheibrodos_sewer_entry_bend,
          ebering_ghost_disaster_area, uniq_pikel, uniq_eustachio, uniq_edmund

Skill      XL: |  1  2 |
---------------+-------+-----
Stealth        | 7 |  7.0
Fighting       | |  3.1
Short Blades   | |  2.4
Dodging        | |  2.2

Action                     || total
---------------------------++-------
  Melee: Short sword       ||    15
         Constrict         ||     5
         Tentacles         ||     4
   Stab: Sleeping          ||     1
 Armour: Skin              ||     1
  Dodge: Dodged            ||    11
